[Event "*** Titled Tuesday Blitz"]
[Site "Chess.com"]
[Date "2020.05.12"]
[Round "4"]
[White "gusmaster2262"]
[Black "Haykoooo0o"]
[Result "0-1"]
[WhiteElo "2301"]
[BlackElo "2476"]
[TimeControl "180+1"]
[EndTime "10:38:57 PDT"]
[Termination "Haykoooo0o won on time"]

1. d4 Nf6 2. Nf3 e6 3. c3 d5 4. Bf4 c5 5. e3 Nc6 6. Nbd2 Bd6 7. Bg5 O-O 8. Bb5 Bd7 9. O-O Rc8 10. a3 Be7 11.
Bd3 Re8 12. h3 h6 13. Bf4 Bf8 14. Ne5 Nxe5 15. dxe5 Nh7 16. Qh5 Qe7 17. e4 d4 18.
Nc4 Bb5 19. Qe2 Bxc4 20. Bxc4 Red8 21. Rfd1 a6 22. a4 Qe8 23. a5 Be7 24. Qg4 Bg5 25. Bg3 Nf8 26. h4 Be7 27. Bf4 Kh7 28. h5 Rd7 29. Qf3 Rcd8 30. Bd2 Bg5 31. Bxg5 hxg5 32.
Qg3 Qe7 33. Rd3 f6 34. Rf3 Kh6 35. Re1 Nh7 36. Rd3 Qf7 37. f4 gxf4 38. Qxf4+ Ng5 39.
Rg3 dxc3 40. bxc3 Qe7 41. Rf1 Rf8 42. Rxg5 fxg5 43. Qxf8 Qxf8 44. Rxf8 Kxh5 45. Be2+ Kh4 46. Rh8+ Kg3 0-1

[Event "*** Titled Tuesday Blitz"]
[Site "Chess.com"]
[Date "2020.05.12"]
[Round "4"]
[White "elisak43"]
[Black "DanielDardha2005"]
[Result "0-1"]
[WhiteElo "2424"]
[BlackElo "2615"]
[TimeControl "180+1"]
[EndTime "10:38:58 PDT"]
[Termination "DanielDardha2005 won on time"]

1. e4 c5 2. g3 d5 3. Nc3 Nf6 4. exd5 Nxd5 5. Bg2 Nc7 6. Nge2 g6 7. d4 cxd4 8. Qxd4 Qxd4 9. Nxd4 Bg7 10. Ndb5 Nba6 11. Nxc7+ Nxc7 12. Bf4 e5 13. Be3 O-O 14. O-O-O Bg4 15.
Rd2 Rfb8 16. h3 Be6 17. Nd5 Nxd5 18. Bxd5 Bxd5 19. Rxd5 Rd8 20. Rhd1 Rxd5 21. Rxd5 b6 22. c4 Rc8 23. Kd2 Bf6 24. Kd3 Rc7 25. Bh6 e4+ 26. Kxe4 Rxc4+ 27. Kd3 Rc8 28. b3 Rc7 29. Bf4 Re7 30.
Rd8+ Kg7 31. Bd6 Rb7 32. Bf8+ Kg8 33. Be7+ Kg7 34. Bxf6+ Kxf6 35. Kc4 Rc7+ 36. Kd3 Ke7 37. Rd4 h5 38. Re4+ Kd6 39. Rd4+ Ke6 40. Re4+ Kf6 41. Rf4+ Kg7 42. h4 f6 43. Rc4 Rd7+ 44. Rd4 Rc7 45. Rc4 Rf7 46. Rc6 g5 47. Ke4 Re7+ 48. Kf3 g4+ 49. Kf4 Re2 50. f3 Rf2 51. Rc3 gxf3 0-1

[Event "*** Titled Tuesday Blitz"]
[Site "Chess.com"]
[Date "2020.05.12"]
[Round "4"]
[White "Tashik"]
[Black "CuattroPrincesses"]
[Result "1-0"]
[WhiteElo "2447"]
[BlackElo "2270"]
[TimeControl "180+1"]
[EndTime "10:38:58 PDT"]
[Termination "Tashik won on time"]

1. c4 Nf6 2. Nc3 g6 3. e4 Bg7 4. d4 d6 5. f4 O-O 6. Nf3 c5 7. d5 e6 8. dxe6 fxe6 9. Bd3 Nc6 10. O-O Nd4 11. Bd2 b6 12. Nxd4 cxd4 13. Nb5 e5 14. Bb4 Ne8 15. fxe5 Rxf1+ 16. Qxf1 dxe5 17. a4 a6 18. Na3 a5 19. Bd2 Ra7 20. Nb5 Rf7 21.
Qe2 Nc7 22. b4 axb4 23. Bxb4 Na6 24. Ba3 Bh6 25. c5 Be3+ 26. Kh1 Rf2 27. Qd1 Qg5 28. Bf1 Nxc5 29. Bxc5 bxc5 30. Qb3+ Kg7 31. Nd6 Bh3 32.
Qb7+ Kf8 33. Qb8+ Ke7 34. Qc7+ Kf8 35. Qb8+ Ke7 36. Nc8+ Kd8 37. Nd6+ 1-0

[Event "*** Titled Tuesday Blitz"]
[Site "Chess.com"]
[Date "2020.05.12"]
[Round "4"]
[White "Nafania1"]
[Black "Funkmaus"]
[Result "1-0"]
[WhiteElo "2426"]
[BlackElo "2212"]
[TimeControl "180+1"]
[EndTime "10:38:58 PDT"]
[Termination "Nafania1 won on time"]

1. e4 c6 2. d4 d5 3. exd5 cxd5 4.
Bd3 Nf6 5. h3 Nc6 6. c3 g6 7.
Nf3 Bf5 8. Be2 Bg7 9. O-O O-O 10. Be3 Qd7 11. Bf4 a6 12. Nbd2 b5 13. Nb3 Rfc8 14. Nc5 Qe8 15. a4 Na5 16. axb5 axb5 17. Re1 Nc4 18. b3 Rxa1 19. Qxa1 Ra8 20. Qd1 Nb6 21. Qd2 Ne4 22. Nxe4 Bxe4 23. Ng5 b4 24. c4 e5 25. dxe5 Bxe5 26. Nxe4 dxe4 27. Bf1 Bc3 28. Qc1 Bxe1 29. Qxe1 Qe7 30. Qe3 Nd7 31. Kh2 Re8 32. Qd4 f6 33. Be2 Nc5 34. Qd5+ Ne6 35. Bg3 Kg7 36. c5 Qxc5 37.
Qd7+ Re7 38. Qd2 e3 39. fxe3 Ng5 40. Bc4 Qxe3 41. Qxe3 Rxe3 42. Bd6 Ne4 43. Bxb4 f5 44. Ba5 f4 45. Bb6 Re1 46. g4 fxg3+ 47. Kg2 h5 48. h4 Rb1 49. Bd4+ 1-0

[Event "*** Titled Tuesday Blitz"]
[Site "Chess.com"]
[Date "2020.05.12"]
[Round "4"]
[White "Boudicca64"]
[Black "oneshot007"]
[Result "0-1"]
[WhiteElo "2012"]
[BlackElo "2378"]
[TimeControl "180+1"]
[EndTime "10:38:58 PDT"]
[Termination "oneshot007 won on time"]

1. d4 b5 2. d5 Nf6 3. g3 c5 4. c4 bxc4 5. Bg2 d6 6. e4 g6 7. Qc2 Ba6 8. Ne2 Bg7 9. Na3 O-O 10. Nxc4 Nbd7 11. O-O Nb6 12. Nd2 Nfd7 13. Re1 Ne5 14. Nc3 Nd3 15. Re3 Nxc1 16. Rxc1 Rb8 17. Ree1 Nd7 18. f4 Qa5 19. Nf3 Qc7 20. Qa4 Rb6 21.
b3 Bc8 22. Qc4 Rb4 23. Qd3 c4 24. bxc4 Rxc4 25. Ne2 Ba6 26. Qd2 Rc8 27. Rxc4 Bxc4 28. Rc1 Qb6+ 29. Kh1 Rc7 30. Ned4 Ba6 31. Nc6 Nc5 32.
Nfd4 Nd3 33. Rd1 Bxd4 34. Nxd4 Qxd4 35. Bf1 Nf2+ 36. Qxf2 Qxf2 37. Bxa6 Qf3+ 0-1

[Event "*** Titled Tuesday Blitz"]
[Site "Chess.com"]
[Date "2020.05.12"]
[Round "4"]
[White "m_ezat"]
[Black "Durarbayli"]
[Result "1-0"]
[WhiteElo "2613"]
[BlackElo "2791"]
[TimeControl "180+1"]
[EndTime "10:38:59 PDT"]
[Termination "m_ezat won by resignation"]

1. d4 Nf6 2. c4 e6 3. Nc3 Bb4 4. e3 O-O 5. a3 Bxc3+ 6. bxc3 b6 7. Bd3 Nc6 8. Ne2 Ba6 9. O-O Na5 10. e4 Bxc4 11. Bg5 h6 12. Bh4 g5 13. Bg3 Nh5 14.
Bxc4 Nxc4 15. Qd3 d5 16. e5 f5 17. exf6 Qxf6 18. Bxc7 Qf5 19. Qd1 Rf7 20. Ng3 Nxg3 21. Bxg3 Raf8 22. Qe2 Qg6 23. Rae1 Rf6 24. Be5 Rf5 25. Bg3 R8f6 26. a4 h5 27. h4 gxh4 28.
Bxh4 Kf7 29. Bxf6 Rxf6 30. a5 bxa5 31. Rb1 Rf4 32. Rb7+ Kf6 33. Rxa7 h4 34. Ra6 Qf5 35. f3 Kf7 36. Ra7+ Kg6 37. Ra6 Kf7 38. Re1 e5 39. dxe5 h3 40. Rf6+ Qxf6 41. exf6 1-0

[Event "*** Titled Tuesday Blitz"]
[Site "Chess.com"]
[Date "2020.05.12"]
[Round "4"]
[White "vinniethepooh"]
[Black "grandemestregringo"]
[Result "0-1"]
[WhiteElo "2619"]
[BlackElo "2468"]
[TimeControl "180+1"]
[EndTime "10:39:00 PDT"]
[Termination "grandemestregringo won by resignation"]

1. d4 Nf6 2. c4 c6 3. Nc3 d5 4. cxd5 cxd5 5. f3 Nc6 6. e4 e6 7. e5 Nd7 8. f4 a5 9. Nf3 Nb6 10. Bd3 a4 11. O-O Be7 12. a3 Bd7 13. Qc2 g6 14.
Be3 Na5 15. Rae1 Rc8 16. Qf2 Nbc4 17. Bc1 Nb3 18. Bxc4 Rxc4 19. Nd2 Nxc1 20. Rxc1 Rc7 21. Qe3 O-O 22. g4 Kh8 23. Kh1 Rg8 24. Rf3 b5 25.
Rh3 b4 26. axb4 Bxb4 27. g5 Rg7 28. Ndb1 Qc8 29. Na2 Ba5 30. Nbc3 Qb7 31. Qe2 Rg8 32.
Rd3 Rgc8 33. Rd2 Rc4 34. Rdc2 Qb3 35. Qe3 Bb6 36. Qd3 Bxd4 37. Qe2 Ba7 38. Qd3 d4 39. Ne4 Qxd3 0-1

[Event "*** Titled Tuesday Blitz"]
[Site "Chess.com"]
[Date "2020.05.12"]
[Round "4"]
[White "kleinebeer98"]
[Black "2nd_life"]
[Result "1-0"]
[WhiteElo "2661"]
[BlackElo "2406"]
[TimeControl "180+1"]
[EndTime "10:39:00 PDT"]
[Termination "kleinebeer98 won on time"]

1. e4 e5 2. Nf3 Nc6 3. Nc3 Nf6 4. a3 d5 5. exd5 Nxd5 6. Nxe5 Nxe5 7. Qe2 f6 8. d4 Nxc3 9. bxc3 Bd6 10. dxe5 fxe5 11.
Qh5+ g6 12. Qh6 Qf6 13. Bg5 Qf7 14. Bd3 Bf5 15. Rb1 Bxd3 16. cxd3 b6 17. O-O Kd7 18. d4 exd4 19. cxd4 Rhe8 20. Qh3+ Kc6 21. a4 a5 22. Be3 Kb7 23. Rfd1 h5 24. d5 Qf5 25. Qh4 Re4 26. Qg5 Qxg5 27. Bxg5 Rxa4 28. Be3 Rb4 29. Ra1 a4 30. g3 a3 31. Ra2 Rb2 32. Rxb2 axb2 33. Bd4 Ra2 34. Rb1 Ba3 35. f3 Ka6 36. g4 Kb5 37.
gxh5 gxh5 38. Kf2 Kc4 39. Ke3 Kb3 40. Kd3 Ra1 41. Rxa1 bxa1=Q 42. Bxa1 Bd6 43. h3 b5 44. Ke4 Kc4 45. f4 b4 46. f5 b3 47. f6 Bf8 48.
Ke5 Kd3 49. Ke6 Kc2 50. Kd7 Bd6 51. f7 1-0

[Event "*** Titled Tuesday Blitz"]
[Site "Chess.com"]
[Date "2020.05.12"]
[Round "4"]
[White "r31415"]
[Black "Fusikk"]
[Result "0-1"]
[WhiteElo "2319"]
[BlackElo "2504"]
[TimeControl "180+1"]
[EndTime "10:39:01 PDT"]
[Termination "Fusikk won on time"]

1. e4 e6 2. d4 d5 3. Nc3 Bb4 4. exd5 exd5 5. Bd3 Nc6 6. a3 Bxc3+ 7. bxc3 Nge7 8.
Qf3 Be6 9. Ne2 Qd7 10. h3 O-O-O 11. O-O Bf5 12. Ng3 Bg6 13. Re1 Rhe8 14. h4 Bxd3 15.
cxd3 Ng6 16. Be3 Nxh4 17. Qh5 Ng6 18. Qxh7 Rg8 19. Ra2 Qg4 20. Qh5 Qd7 21. Rae2 Nce7 22.
Bg5 f6 23. Bc1 Rh8 24. Qf3 c6 25. a4 Rh4 26. Ba3 Rf4 27. Qe3 Nf5 28. Nxf5 Qxf5 29. Qe6+ Qxe6 30. Rxe6 Rh4 31. g3 Rhh8 32. Bc5 b6 33.
Ba3 Kd7 34. Rd6+ Kc7 35. Rde6 Kd7 36. Kg2 Rhe8 37. Rxe8 Rxe8 38. Rxe8 Kxe8 39. Kf3 b5 40. axb5 cxb5 41. Kg4 Ne7 42. Kh5 Kf7 43. Kg4 Nc6 44. Kf4 a5 45. Bb2 b4 0-1

[Event "*** Titled Tuesday Blitz"]
[Site "Chess.com"]
[Date "2020.05.12"]
[Round "4"]
[White "GMKrikor"]
[Black "deep306"]
[Result "0-1"]
[WhiteElo "2809"]
[BlackElo "2575"]
[TimeControl "180+1"]
[EndTime "10:39:02 PDT"]
[Termination "deep306 won by checkmate"]

1. Nf3 Nf6 2. c4 e6 3. Nc3 b6 4. g3 Bb7 5. Bg2 Be7 6. O-O O-O 7. Re1 Ne4 8. Nxe4 Bxe4 9. d3 Bb7 10. e4 c5 11. d4 cxd4 12. Nxd4 Nc6 13. Bf4 Nxd4 14. Qxd4 Qc8 15. Rad1 Rd8 16. b3 Bc6 17. Bd6 Bxd6 18. Qxd6 Qb8 19. f4 Qxd6 20. Rxd6 Kf8 21. Red1 Ke7 22.
Kf2 Rac8 23. a4 Bb7 24. Bf3 f6 25. Ke3 Bd5 26. e5 Bxf3 27. exf6+ gxf6 28. Kxf3 Rc5 29. Ke4 Rh5 30. R6d2 d6 31. Kf3 a5 32. Re2 Kf7 33.
Rde1 Re8 34. Rd1 Rd8 35. Rdd2 Rc5 36. Re4 f5 37. Red4 Ke7 38. R4d3 Rc6 39. h3 Rf8 40. g4 Rf7 41. Kg3 Rg7 42. Rf3 Rc8 43. Re3 fxg4 44. hxg4 Rcg8 45. g5 h6 46. Red3 hxg5 47. Rxd6 gxf4+ 48. Kxf4 Rg4+ 49. Kf3 Rg3+ 50. Kf4 R8g4+ 51. Ke5 Re3# 0-1

[Event "*** Titled Tuesday Blitz"]
[Site "Chess.com"]
[Date "2020.05.12"]
[Round "4"]
[White "Grandelicious"]
[Black "pedromartinez91"]
[Result "1-0"]
[WhiteElo "2744"]
[BlackElo "2507"]
[TimeControl "180+1"]
[EndTime "10:39:02 PDT"]
[Termination "Grandelicious won by resignation"]

1. Nf3 e6 2. g3 Nf6 3. Bg2 b6 4. O-O Bb7 5. c4 Be7 6. Nc3 O-O 7. d4 Na6 8. d5 Bb4 9. Bg5 Bxc3 10. bxc3 h6 11. Bxf6 Qxf6 12. Nd4 Nc5 13. e4 Ba6 14. Qe2 exd5 15. e5 Qe7 16. Bxd5 Rae8 17. f4 c6 18. Nf5 cxd5 19. Nxe7+ Rxe7 20. Rfd1 Bxc4 21. Qf3 f6 22. Rxd5 Bxd5 23. Qxd5+ Kh8 24. Re1 Rfe8 25. Kg2 Re6 26. h4 d6 27. f5 Rxe5 28. Rxe5 dxe5 29. Qf7 Rd8 30. Qxa7 Rd2+ 31. Kf3 Rd3+ 32. Kg4 Kh7 33.
Qxb6 h5+ 34. Kxh5 Ne4 35. Qb4 Re3 36. a4 Nxg3+ 37. Kg4 Ne4 38. h5 Rg3+ 39. Kh4 Re3 40. a5 Ng5 41. a6 e4 42. a7 Kh6 43. a8=Q Rh3+ 44. Kg4 Rxh5 1-0

[Event "*** Titled Tuesday Blitz"]
[Site "Chess.com"]
[Date "2020.05.12"]
[Round "4"]
[White "GjakanTati"]
[Black "Majesth"]
[Result "1-0"]
[WhiteElo "2640"]
[BlackElo "2460"]
[TimeControl "180+1"]
[EndTime "10:39:02 PDT"]
[Termination "GjakanTati won on time"]

1. d4 e6 2. c4 Bb4+ 3. Bd2 c5 4. Nf3 Nf6 5. Bxb4 cxb4 6. Nbd2 O-O 7. e4 d5 8. e5 Ne4 9. cxd5 exd5 10. Bd3 Nxd2 11. Qxd2 Nc6 12. h3 h6 13. O-O Be6 14. Rac1 Qd7 15.
Bb1 Bf5 16. Nh4 Bxb1 17. Rxb1 g5 18. Nf3 Qf5 19. Rbc1 Rac8 20. Rc5 Nxe5 21. Nxe5 Rxc5 22. dxc5 Qxe5 23. Qxb4 Qc7 24. Qd4 Re8 25. b4 Qe5 26.
Qd3 Qe4 27. Qb5 d4 28. Rd1 a6 29. Qd7 d3 30. Rxd3 Qe1+ 31. Kh2 Re2 32. Qd8+ Kg7 33. Qd4+ Kg6 34. Rf3 Re6 35. Qh8 Qe4 36. Qg8+ Kh5 37. Qxf7+ Qg6 38. Qxb7 Qe4 39. Qc7 1-0

[Event "*** Titled Tuesday Blitz"]
[Site "Chess.com"]
[Date "2020.05.12"]
[Round "4"]
[White "northridgehawk"]
[Black "Warre"]
[Result "1-0"]
[WhiteElo "2263"]
[BlackElo "2462"]
[TimeControl "180+1"]
[EndTime "10:39:02 PDT"]
[Termination "northridgehawk won by resignation"]

1. e4 c5 2. Nf3 d6 3. d4 cxd4 4.
Nxd4 Nf6 5. Nc3 a6 6. h3 e5 7.
Nde2 h5 8. g3 Be6 9. Bg2 Nbd7 10. a4 Rc8 11. O-O Be7 12. Be3 Qc7 13. Nd5 Nxd5 14.
exd5 Bf5 15. c4 O-O 16. b3 Nc5 17. Nc3 Bg6 18. a5 f5 19. f4 Bf6 20. Ne2 Rce8 21.
Bd2 exf4 22. Nxf4 Bf7 23. Rc1 g6 24. b4 Ne4 25. Be1 Be5 26. Qd3 b6 27. axb6 Qxb6+ 28. Kh2 Bb2 29. Rc2 Bd4 30. h4 Nf6 31. Bf3 Re3 32. Qd1 Rfe8 33. Nh3 Ng4+ 34. Bxg4 hxg4 35. Ng5 Bf6 36. Bf2 Qxb4 37. Bxe3 Rxe3 38. Nxf7 Kxf7 39. Qd2 Qc5 40. Re1 Rxe1 41. Qxe1 Be5 42. Kg2 a5 43. Qd2 Kg7 44. Qg5 Qd4 45. Kh2 a4 46. h5 Bf6 47.
Qxg6+ Kf8 48. Qxf5 a3 49. Rf2 Ke7 50. Qe6+ Kd8 1-0

[Event "*** Titled Tuesday Blitz"]
[Site "Chess.com"]
[Date "2020.05.12"]
[Round "4"]
[White "karinachess1"]
[Black "Playgood28"]
[Result "0-1"]
[WhiteElo "2454"]
[BlackElo "2256"]
[TimeControl "180+1"]
[EndTime "10:39:02 PDT"]
[Termination "Playgood28 won by checkmate"]

1. e4 e5 2. Nf3 d6 3. d4 exd4 4. Nxd4 Nf6 5. Nc3 Be7 6. Be2 O-O 7. O-O c5 8. Nf3 Nc6 9. h3 a6 10. Bf4 b5 11. Re1 Bb7 12. a4 b4 13. Nd5 Nxd5 14.
exd5 Nb8 15. Qd3 Nd7 16. Nd2 a5 17. Nc4 Ba6 18. Qg3 Bxc4 19. Bxc4 Ne5 20. Bxe5 dxe5 21. Rad1 Bd6 22. Bb5 f5 23. Qb3 Qf6 24. Bd7 Kh8 25.
Be6 e4 26. f3 Qe5 27. Qe3 Qh2+ 28. Kf1 Bg3 29. Re2 f4 30. Qg1 Qxg1+ 31. Kxg1 e3 32. b3 Rad8 33. d6 Rf6 34. Bc4 Rfxd6 35. Rxd6 Rxd6 36. Bd3 c4 37. bxc4 b3 38. c5 b2 39. c4 Rxd3 40. Rxb2 Rd1# 0-1

[Event "*** Titled Tuesday Blitz"]
[Site "Chess.com"]
[Date "2020.05.12"]
[Round "4"]
[White "GOGIEFF"]
[Black "Spartakus1975"]
[Result "0-1"]
[WhiteElo "2943"]
[BlackElo "2728"]
[TimeControl "180+1"]
[EndTime "10:39:03 PDT"]
[Termination "Spartakus1975 won by resignation"]

1. d4 d5 2. Bf4 c5 3. e3 Nc6 4. Nf3 Bg4 5. Nbd2 e6 6. h3 Bh5 7.
Bb5 Bd6 8. dxc5 Bxc5 9. g4 Bg6 10. h4 h5 11. Ne5 Ne7 12. Nxg6 Nxg6 13. Bg5 Qb6 14. gxh5 Qxb5 15. hxg6 f6 16. Bf4 e5 17. Bg3 O-O-O 18. Nb3 Kb8 19. Qe2 Qb6 20. O-O-O Rc8 21. Kb1 Rhd8 22. h5 a5 23. h6 gxh6 24. Nxc5 Qxc5 25. Rxh6 a4 26. a3 Na5 27. Qd2 Nc4 28. Qb4 Nxa3+ 29. Qxa3 Qxc2+ 30. Ka2 Qxd1 31. Qe7 Qb3+ 32.
Kb1 Qd3+ 33. Ka2 Qc4+ 34. Kb1 Re8 35. Qd6+ Ka7 36. Rh1 Rc6 37. Qa3 Rg8 38. Rd1 Rxg6 39. Bh4 Qc2+ 40. Ka2 Qxd1 0-1

[Event "*** Titled Tuesday Blitz"]
[Site "Chess.com"]
[Date "2020.05.12"]
[Round "4"]
[White "yamalchess"]
[Black "anon102030"]
[Result "0-1"]
[WhiteElo "2507"]
[BlackElo "2738"]
[TimeControl "180+1"]
[EndTime "10:39:03 PDT"]
[Termination "anon102030 won on time"]

1. d4 Nf6 2. c4 e5 3. dxe5 Ng4 4.
Nh3 Nxe5 5. e3 Ng6 6. Qh5 d6 7.
Nc3 Nc6 8. Be2 Nge5 9. f4 g6 10. Qg5 Be7 11. Qh6 Bf8 12. Qg5 f6 13. Qg3 Nf7 14. O-O Bg7 15. Bd3 f5 16. Bd2 O-O 17.
Rae1 Be6 18. b3 Qd7 19. Nf2 Rae8 20. Nd5 Bxd5 21. cxd5 Ne7 22. Qf3 Nh6 23. a4 c6 24.
Bc4 Kh8 25. h3 Nhg8 26. Bb4 Nf6 27. dxc6 bxc6 28. Rd1 d5 29. Be2 Rb8 30. Nd3 Ne4 31.
Nc5 Nxc5 32. Bxc5 Rxb3 33. Rb1 Rfb8 34. Rxb3 Rxb3 35. g4 Qe6 36. Rc1 Rb7 37. Kf2 h6 38. Rg1 a5 39. g5 h5 40. Rc1 Nc8 41. Bd3 Rb3 42. Qe2 Nd6 0-1

[Event "*** Titled Tuesday Blitz"]
[Site "Chess.com"]
[Date "2020.05.12"]
[Round "4"]
[White "profofchess"]
[Black "Rozum_Ivan"]
[Result "0-1"]
[WhiteElo "2421"]
[BlackElo "2611"]
[TimeControl "180+1"]
[EndTime "10:39:03 PDT"]
[Termination "Rozum_Ivan won on time"]

1. e4 c6 2. Nf3 d5 3. Nc3 dxe4 4. Nxe4 Nf6 5. Qe2 Nxe4 6. Qxe4 Qa5 7. Qf4 Qf5 8. Qe3 Qe6 9. b3 Qxe3+ 10. fxe3 f6 11.
d4 Bf5 12. c4 Nd7 13. Bb2 e6 14. O-O-O Bd6 15. Bd3 Bxd3 16. Rxd3 Ke7 17. e4 Bf4+ 18. Kc2 c5 19. g3 Bc7 20. d5 Rad8 21. Rhd1 Nb6 22.
Ba3 Bd6 23. Re1 e5 24. h4 h5 25. Nd2 Nc8 26. Nf1 Kf7 27. Ne3 Ne7 28. Rf1 Rh6 29.
Bc1 Rg6 30. Rf3 Rh8 31. Bd2 Ke8 32. a3 Kd7 33. b4 b6 34. Rb3 Ng8 35. Nf5 Ne7 36.
Nxd6 Kxd6 37. bxc5+ bxc5 38. Rb7 Rg4 39. Rxa7 Rxe4 40.
Ra6+ Kd7 41. Ra7+ Kd8 42. Ra8+ Nc8 43. Kc3 Kc7 44. Rf1 Rxc4+ 45. Kxc4 Nd6+ 46. Kxc5 Rxa8 47. Bb4 Ne4+ 48. Kb5 Rb8+ 49. Ka4 Nxg3 50. Rg1 Nf5 0-1

[Event "*** Titled Tuesday Blitz"]
[Site "Chess.com"]
[Date "2020.05.12"]
[Round "4"]
[White "OMGCovid-19"]
[Black "MarcoCorvi"]
[Result "1-0"]
[WhiteElo "1923"]
[BlackElo "2183"]
[TimeControl "180+1"]
[EndTime "10:39:03 PDT"]
[Termination "OMGCovid-19 won on time"]

1. d4 f5 2. e4 fxe4 3. Nc3 Nf6 4.
f3 d5 5. fxe4 dxe4 6. Bc4 Bf5 7.
Nge2 Nbd7 8. O-O e6 9. Nf4 Qe7 10. Nb5 O-O-O 11. Nxa7+ Kb8 12. Nb5 g5 13. Nh5 Bg4 14.
Qe1 Bxh5 15. Qa5 Nb6 16. Qa7+ Kc8 17. Bxg5 Bg7 18. Bb3 h6 19. Bf4 Nfd5 20. Bg3 c6 21. Qb8+ Kd7 22. Qxb7+ Ke8 23. Qxc6+ Rd7 24. c4 e5 25.
cxd5 exd4 26. Nd6+ Kd8 27. Qxb6+ Rc7 28. Nb7+ Kc8 29.
d6 Rxb7 30. Qc5+ Kb8 31. dxe7+ Ka8 32. Qc6 Rf8 33. exf8=Q+ Ka7 34. Qa4+ Kb6 35. Qab4+ Kc6 36. Qxb7+ 1-0

[Event "*** Titled Tuesday Blitz"]
[Site "Chess.com"]
[Date "2020.05.12"]
[Round "4"]
[White "pouya21"]
[Black "White_Ghost"]
[Result "1-0"]
[WhiteElo "2766"]
[BlackElo "2435"]
[TimeControl "180+1"]
[EndTime "10:39:04 PDT"]
[Termination "pouya21 won by checkmate"]

1. e4 e5 2. Nf3 Nc6 3. Bb5 a6 4. Ba4 b5 5. Bb3 Na5 6. d4 exd4 7. Qxd4 d6 8. Qd3 Nf6 9. O-O Bb7 10. Re1 Be7 11.
Bd2 Nxb3 12. axb3 O-O 13. c4 c6 14. Nc3 Nd7 15. Bf4 Nc5 16. Qc2 Ne6 17. Bg3 Qb6 18. Rad1 Rad8 19. Rd2 Rd7 20. Red1 Rfd8 21. e5 d5 22. Ne4 c5 23. Nd6 d4 24. Qf5 Bf8 25. Qg4 Ba8 26. Ng5 Nxg5 27. Qxg5 Qc6 28. f3 h6 29. Qg4 bxc4 30. bxc4 Rb8 31. Nf5 Rb4 32. Nxh6+ Kh8 33. Nf5 Kg8 34. h4 g6 35.
h5 Kh7 36. hxg6+ fxg6 37. Qh3+ Kg8 38. Nd6 Rb8 39. Qe6+ Kh7 40. Kf2 Bxd6 41. Rh1+ Kg7 42. Qf6+ Kg8 43. Rh8# 1-0

[Event "*** Titled Tuesday Blitz"]
[Site "Chess.com"]
[Date "2020.05.12"]
[Round "4"]
[White "ZarinaShafigullina"]
[Black "adriangschnitzer"]
[Result "0-1"]
[WhiteElo "2312"]
[BlackElo "2496"]
[TimeControl "180+1"]
[EndTime "10:39:04 PDT"]
[Termination "adriangschnitzer won on time"]

1. d4 Nf6 2. Nf3 d5 3. g3 c5 4. Bg2 cxd4 5. O-O Nc6 6. Nxd4 g6 7. c4 e6 8. cxd5 exd5 9. Nc3 Bg7 10. Nb3 Be6 11. Nc5 b6 12. Nxe6 fxe6 13. e4 dxe4 14. Nxe4 Nxe4 15. Bxe4 Qxd1 16. Rxd1 Rc8 17. Rb1 O-O 18. Be3 Nb4 19. Rd7 Rf7 20. Rd6 Nxa2 21. Rxe6 Nb4 22. Bd2 Nc2 23. Bd5 Kh8 24. Rc1 Rd7 25.
Rxc2 Rxc2 26. Re8+ Bf8 27. Bc3+ Rxc3 28. Rxf8+ Kg7 29.
Rg8+ Kf6 30. bxc3 Rxd5 31. Ra8 a5 32. Rb8 Rb5 33. c4 Rb4 34. Kg2 Ke5 35. f4+ Kd4 36. Rb7 Kxc4 37. Rxh7 a4 38. Rg7 a3 39. Ra7 Kb3 40. h4 Ra4 41. Rb7 Ra6 0-1

[Event "*** Titled Tuesday Blitz"]
[Site "Chess.com"]
[Date "2020.05.12"]
[Round "4"]
[White "EddieMarsalla"]
[Black "Bulldog167"]
[Result "0-1"]
[WhiteElo "2526"]
[BlackElo "2834"]
[TimeControl "180+1"]
[EndTime "10:39:06 PDT"]
[Termination "Bulldog167 won by resignation"]

1. d4 Nf6 2. Bg5 c5 3. d5 d6 4. Nc3 h6 5. Bxf6 exf6 6. g3 g6 7. Bg2 Bg7 8. e3 h5 9. h4 O-O 10.
Nge2 Bg4 11. Qd2 Bxe2 12. Nxe2 f5 13. c3 Nd7 14. O-O b5 15. Nf4 a5 16. a3 a4 17.
Rfe1 Ne5 18. Nd3 Nc4 19. Qc2 Qf6 20. e4 fxe4 21. Rxe4 Bh6 22. Nf4 Rae8 23. Rae1 Rxe4 24. Rxe4 Bxf4 25. Rxf4 Qe5 26. Bf1 Qxd5 27. Bxc4 bxc4 28. Qxa4 Rb8 29. Qxc4 Qxc4 30. Rxc4 Rxb2 31. Ra4 Kf8 32.
Ra7 Ke8 33. c4 Rc2 34. Ra4 Ke7 35. Kg2 Ke6 36. Kf3 Ke5 37. Ke3 Rc3+ 38. Kd2 Kd4 39.
Ra7 Kxc4 40. Rxf7 Rxa3 41. Rf6 d5 42. Rxg6 d4 43. f4 Ra2+ 44. Ke1 Kd3 45. f5 c4 46. f6 Ke3 47. Kf1 c3 48. f7 Rf2+ 0-1

[Event "*** Titled Tuesday Blitz"]
[Site "Chess.com"]
[Date "2020.05.12"]
[Round "4"]
[White "Alopekos"]
[Black "XDPS"]
[Result "0-1"]
[WhiteElo "2480"]
[BlackElo "2684"]
[TimeControl "180+1"]
[EndTime "10:39:06 PDT"]
[Termination "XDPS won on time"]

1. e4 e5 2. Nf3 Nc6 3. Bb5 a6 4. Ba4 d6 5. d4 b5 6. Bb3 Nxd4 7. Nxd4 exd4 8. c3 d3 9. Qxd3 Nf6 10. O-O Be7 11.
a4 Bd7 12. axb5 axb5 13. Rxa8 Qxa8 14. Re1 O-O 15. Bg5 Bc6 16. Nd2 Re8 17. Bc2 g6 18. Bb3 Nd7 19. Bxe7 Rxe7 20. Qd4 Nc5 21. Bc2 Qa2 22. Qf6 Re8 23. Rb1 Nxe4 24. Nxe4 Bxe4 25.
Re1 Qxb2 26. Bd1 Bc6 27. Rxe8+ Bxe8 28. h4 Qd2 29. Bf3 Qe1+ 30. Kh2 Qe5+ 31. Qxe5 dxe5 32. h5 c5 33. Bd5 b4 34. cxb4 cxb4 35. hxg6 hxg6 36.
Kg3 Kg7 37. Kf3 f5 38. Ke3 Bf7 39. Bf3 b3 40. Bd1 b2 41. Bc2 Ba2 0-1

[Event "*** Titled Tuesday Blitz"]
[Site "Chess.com"]
[Date "2020.05.12"]
[Round "4"]
[White "Andro2"]
[Black "Philos_85"]
[Result "1-0"]
[WhiteElo "2430"]
[BlackElo "2228"]
[TimeControl "180+1"]
[EndTime "10:39:06 PDT"]
[Termination "Andro2 won on time"]

1. a3 g6 2. e4 Bg7 3. d4 d6 4.
Nc3 a6 5. Nf3 Nf6 6. h3 O-O 7.
Be3 b5 8. Bd3 Bb7 9. O-O e6 10.
e5 Nfd7 11. Bg5 Qe8 12. Re1 h6 13. Bf4 dxe5 14. dxe5 Nc5 15. Bf1 Bxf3 16. Qxf3 Qc6 17. Qe3 Kh7 18. Be2 Qb6 19. Bf3 c6 20. Rad1 Ncd7 21.
Qc1 Qc7 22. Ne4 Bxe5 23. Bxh6 Bg7 24. Ng5+ Kg8 25. Bxg7 Kxg7 26. Rxe6 Nc5 27. Ree1 Nbd7 28.
Qe3 Rae8 29. Qc3+ Kg8 30. b4 Ne6 31. Nxe6 Rxe6 32. Rxe6 fxe6 33. Qxc6 Qxc6 34. Bxc6 Ne5 35. Be4 Kg7 36. Rd6 Kf6 37. Rxa6 Rc8 38. f4 Nd7 39. Kh2 Nf8 40. Bd3 Rc3 41. Rb6 Nd7 42. Rxb5 Rxa3 43.
Rb7 1-0

[Event "*** Titled Tuesday Blitz"]
[Site "Chess.com"]
[Date "2020.05.12"]
[Round "4"]
[White "GM-2023"]
[Black "dennisodessa"]
[Result "0-1"]
[WhiteElo "2081"]
[BlackElo "2320"]
[TimeControl "180+1"]
[EndTime "10:39:06 PDT"]
[Termination "dennisodessa won on time"]

1. e4 e6 2. d4 d5 3. Nc3 Nc6 4. Bb5 dxe4 5. Nxe4 Qd5 6. Qe2 a6 7. c4 Qxd4 8. Bxc6+ bxc6 9. a3 Nf6 10. Nxf6+ Qxf6 11. Nf3 Bd6 12. c5 Bxc5 13. Qc4 Qe7 14. Bg5 f6 15. Rc1 fxg5 16. Qxc5 Bd7 17. Nxg5 Rb8 18. b4 Rb5 19. Qxe7+ Kxe7 20. Ne4 a5 21. bxa5 Rxa5 22.
O-O Rxa3 23. Rfe1 Rha8 24. h3 Rd3 25. Nc5 Rd5 26. Ne4 h6 27. Kh2 Ra2 28. Kg1 Raa5 29.
Re3 g5 30. Rce1 c5 31. Nc3 Rd4 32. Ne4 c4 33. Nc3 Ra3 34. Kh2 Rd3 35. Kg3 Raxc3 0-1

[Event "*** Titled Tuesday Blitz"]
[Site "Chess.com"]
[Date "2020.05.12"]
[Round "4"]
[White "GMartin_Petrov"]
[Black "The_Machine04"]
[Result "1-0"]
[WhiteElo "2586"]
[BlackElo "2318"]
[TimeControl "180+1"]
[EndTime "10:39:07 PDT"]
[Termination "GMartin_Petrov won on time"]

1. e4 d6 2. d4 Nf6 3. Nc3 e5 4. Nf3 Nbd7 5. Bc4 Be7 6. O-O c6 7. a4 Qc7 8. a5 h6 9. Re1 Nf8 10. d5 Bg4 11. h3 Bc8 12. a6 b5 13.
Bb3 b4 14. Ne2 c5 15. Ba4+ Bd7 16. c4 Nh5 17. g4 Nf6 18. Ng3 g6 19. Kg2 Bxa4 20.
Qxa4+ N6d7 21. h4 h5 22. gxh5 gxh5 23. Nf5 Ng6 24. Ng7+ Kf8 25. Nf5 Rg8 26. Bh6+ Ke8 27. Kh2 f6 28. Rg1 Kf7 29. Be3 Bf8 30. Rg2 Nf4 31.
Rxg8 Kxg8 32. Rg1+ Kf7 33. Bxf4 exf4 34. Qd1 Ke8 35.
Ne1 Ne5 36. Qxh5+ Qf7 37. Qh8 Kd7 38. Rg8 Re8 39. Ng2 f3 40. Nf4 1-0